 Dungeon Crawl Stone Soup version 0.26.1-2-gb8aa6d0cf2 (webtiles) character file.

Game seed: 11411581742116805356

43 Groucho the Sneak (level 3, -2/16 HPs)
             Began as a Spriggan Enchanter on Feb 21, 2021.
             Slain by a killer bee zombie (3 damage)
             ... on level 2 of the Dungeon.
             The game lasted 00:07:41 (4313 turns).

Groucho the Sneak (Spriggan Enchanter)              Turns: 4313, Time: 00:07:41

Health: -2/16      AC:  2    Str:  4    XL:     3   Next: 37%
Magic:  5/8        EV: 18    Int: 17    God:
Gold:   91         SH:  0    Dex: 16    Spells: 1/7 levels left

rFire    . . .     SeeInvis +   a - +1 dagger
rCold    . . .     Faith    .   (shield restricted)
rNeg     . . .     Spirit   .   b - +0 robe
rPois    .         Reflect  .   (helmet restricted)
rElec    .         Harm     .   (no cloak)
rCorr    .         Rampage  .   (gloves unavailable)
Will     .....                  (boots unavailable)
Stlth    ++++......             (no amulet)
HPRegen  0.05/turn              (no ring)
MPRegen  0.11/turn              (no ring)

@: very quick
A: very small, unfitting armour, see invisible, speed 3
a: no special abilities


You were on level 2 of the Dungeon.
You visited 1 branch of the dungeon, and saw 2 of its levels.

You collected 91 gold pieces.

Inventory:

Hand Weapons
 a - a +1 dagger (weapon)
Missiles
 f - 81 stones
 g - 17 poisoned darts (quivered)
Armour
 b - a +0 robe (worn)
Scrolls
 d - 3 scrolls of magic mapping {unknown}
 h - a scroll of blinking {unknown}
 i - a scroll of remove curse {unknown}
 j - a scroll of identify {unknown}
Potions
 c - a potion of berserk rage {unknown}
 e - a potion of haste
 k - a potion of brilliance {unknown}


   Skills:
 - Level 1.1 Short Blades
 - Level 3.0 Dodging
 + Level 6.9 Stealth
 - Level 2.6 Spellcasting
 - Level 3.6 Hexes


You had one spell level left.
You knew the following spells:

 Your Spells              Type           Power        Failure   Level
a - Corona                Hex            15%          4%          1
b - Ensorcelled Hibernat  Hex/Ice        16%          13%         2
c - Confusing Touch       Hex            14%          12%         3

Your spell library contained the following spells:

 Spells                   Type           Power        Failure   Level
 Tukima's Dance           Hex            14%          12%         3
 Dazzling Flash           Conj/Hex       16%          26%         3


Dungeon Overview and Level Annotations

Branches:
Dungeon (2/15)

Altars:


Innate Abilities, Weirdness & Mutations

You are very small and have problems with some larger weapons.
You are too small for most types of armour.
You have supernaturally acute eyesight. (SInv)
You cover ground extremely quickly.


Message History

You barely miss the killer bee zombie.
The killer bee zombie barely misses you. x2
You barely miss the killer bee zombie.
The killer bee zombie closely misses you.
You hit the killer bee zombie but do no damage.
The killer bee zombie appears confused.
The killer bee zombie closely misses you.
Okay, then.
The killer bee zombie closely misses you.
You barely miss the killer bee zombie.
You catch the helpless killer bee zombie completely off-guard!
You puncture the killer bee zombie!
The killer bee zombie is severely damaged.
The killer bee zombie closely misses you.
You barely miss the killer bee zombie.
The killer bee zombie is severely damaged.
The killer bee zombie hits you.
* * * LOW HITPOINT WARNING * * *
The killer bee zombie hits you.
You die...

...#.# ##.. #..#.#.####
#...# #... . #..........
#...###..######.
#..#.####.#
#............... #..#.#
#...# #..##..... #..#.#
#...###..##..... #..#.#
#...(.....'..... #..#.#
.########..(###.<##.....
#....#
......Z@)..(............
...(..
...######...###.###.....
........................
...##...................
#.......#########.##
#.......# #.......
#..###..# #####.##
#..###..#########.#
#.................#


You could see a killer bee zombie (confused).

Vanquished Creatures
  2 oozes (D:1)
  A worm (D:2)
  2 dart slugs
  2 giant cockroaches (D:1)
  3 hobgoblins
  3 ball pythons (D:1)
  6 bats
  4 frilled lizards
  3 kobolds (D:1)
  4 rats (D:1)
30 creatures vanquished.

Notes
Turn   | Place    | Note
-------+----------+-------------------------------------------
     0 | D:1      | Groucho the Spriggan Enchanter began the quest for the Orb.
     0 | D:1      | Reached XP level 1. HP: 9/9 MP: 5/5
   612 | D:1      | Reached skill level 5 in Stealth
  1314 | D:1      | Reached XP level 2. HP: 13/13 MP: 6/6
  1750 | D:1      | Reached skill level 6 in Stealth
  2191 | D:1      | Reached XP level 3. HP: 16/16 MP: 8/8
  2194 | D:1      | Learned a level 2 spell: Ensorcelled Hibernation
  2198 | D:1      | Learned a level 3 spell: Confusing Touch
  4313 | D:2      | Slain by a killer bee zombie

Illustrated notes

Levels and vault maps discovered:
D:1:      noname_arrival_rooms_in_the_neighbourhood, layout_basic,
          amcnicky_mini_pool_small, minmay_nonomino_d4
D:2:      layout_basic

Skill      XL: |  1  2 |
---------------+-------+-----
Stealth        | 5 6 |  6.9
Short Blades   | |  1.1
Dodging        | |  3.0
Spellcasting   | |  2.6
Hexes          | |  3.6

Action                   || total
-------------------------++-------
Melee: Dagger            ||   105
Throw: Dart              ||    63
       Stone             ||     4
 Cast: Corona            ||     2
       Ensorcelled Hiber ||     4
       Confusing Touch   ||     1
  Use: Potion            ||     1
 Stab: Sleeping          ||    10
       Confused          ||     1
Armor: Robe              ||    10
Dodge: Dodged            ||    93
